| TOP OF THE 1ST |
|
Biloxi Shuckers batting - Pitching for Harrisburg Senators : RHP Ivano Galikov
|
|
Pitching: RHP Ivano Galikov
|
|
|
Batting: LHB Rick Campbell
|
0-0: Ball 1-0: Foul Ball, location: 2F 1-1: Ball 2-1: Ball 3-1: Called Strike 3-2: Foul Ball, location: 2F 3-2: DOUBLE (Flyball, 8RXD, EV 105.6 MPH)
|
|
Batting: SHB Orlando Torres
|
0-0: Fly out, F4 (Popup, 4D, EV 66.2 MPH)
|
|
Batting: SHB Mike Williams
|
0-0: Ball Balk! Rick Campbell to third 1-0: Ball 2-0: Called Strike 2-1: Foul Ball, location: 2F 2-2: Ball 3-2: DOUBLE (Line Drive, 8LXD, EV 113.1 MPH) Rick Campbell scores
|
|
Batting: RHB Josh Nelson
|
0-0: Ball 1-0: Foul Ball, location: 2F 1-1: Foul Ball, location: 2F 1-2: Ball 2-2: Strikes out swinging
|
|
Batting: RHB Bobby Heagle
|
0-0: SINGLE (Groundball, 56D, EV 103.1 MPH) Mike Williams to third Runner from 3rd tries for Home, SAFE, throw by LF to home
|
|
Batting: RHB Brian Landrum
|
0-0: Ball 1-0: Ball 2-0: Called Strike 2-1: Swinging Strike 2-2: Strikes out swinging
|
| Top of the 1st over - 2 runs, 3 hits, 0 errors, 1 left on base; Biloxi 2 - Harrisburg 0 |
| BOTTOM OF THE 1ST |
|
Harrisburg Senators batting - Pitching for Biloxi Shuckers : RHP Jeff Swomley
|
|
Pitching: RHP Jeff Swomley
|
|
|
Batting: RHB Pat Drader
|
0-0: Ball 1-0: Ball 2-0: Called Strike 2-1: Foul Ball, location: 2F 2-2: Ground out 6-3 (Groundball, 6S, EV 73.1 MPH)
|
|
Batting: RHB Antonio Laurel
|
0-0: Called Strike 0-1: Ball 1-1: Ball 2-1: SINGLE (Flyball, 3D, EV 92.5 MPH)
|
|
Batting: LHB Pat Aviles
|
0-0: Swinging Strike 0-1: Ground out 4-3 (Groundball, 34, EV 103.1 MPH) Antonio Laurel to second
|
|
Batting: RHB Kevin Wick
|
0-0: Swinging Strike 0-1: Foul Ball, location: 2F 0-2: Foul Ball, location: 2F 0-2: Ball 1-2: Ground out 5-3 (Groundball, 5S, EV 85.6 MPH)
|
| Bottom of the 1st over - 0 runs, 1 hit, 0 errors, 1 left on base; Biloxi 2 - Harrisburg 0 |
| TOP OF THE 2ND |
|
Biloxi Shuckers batting - Pitching for Harrisburg Senators : RHP Ivano Galikov
|
|
Batting: RHB Cameron Rattenbury
|
0-0: Called Strike 0-1: Swinging Strike 0-2: Ball 1-2: Strikes out swinging
|
|
Batting: RHB Leo Serrano
|
0-0: Called Strike 0-1: Called Strike 0-2: Ball 1-2: Ground out 4-3 (Groundball, 4, EV 86.9 MPH)
|
|
Batting: RHB Chris Fruit
|
0-0: Ball 1-0: Swinging Strike 1-1: Ball 2-1: Called Strike 2-2: Strikes out swinging
|
| Top of the 2nd over - 0 runs, 0 hits, 0 errors, 0 left on base; Biloxi 2 - Harrisburg 0 |
| BOTTOM OF THE 2ND |
|
Harrisburg Senators batting - Pitching for Biloxi Shuckers : RHP Jeff Swomley
|
|
Batting: LHB Evan Oliveri
|
0-0: Ball 1-0: Ball 2-0: Called Strike 2-1: Ball 3-1: Base on Balls
|
|
Batting: RHB Steve Perez
|
0-0: Called Strike 0-1: Ball 1-1: Swinging Strike 1-2: Foul Ball, location: 2F 1-2: Ball Wild Pitch! Evan Oliveri to second 2-2: Strikes out swinging
|
|
Batting: LHB John Holst
|
0-0: Foul Ball, location: 2F 0-1: Ball 1-1: Called Strike 1-2: Strikes out looking
|
|
Batting: RHB John McNeill
|
0-0: Called Strike 0-1: Ball 1-1: Ground out 5-3 (Groundball, 5, EV 104.4 MPH)
|
| Bottom of the 2nd over - 0 runs, 0 hits, 0 errors, 1 left on base; Biloxi 2 - Harrisburg 0 |
| TOP OF THE 3RD |
|
Biloxi Shuckers batting - Pitching for Harrisburg Senators : RHP Ivano Galikov
|
|
Batting: LHB Rick Campbell
|
0-0: Foul Ball, location: 2F 0-1: Called Strike 0-2: Ground out 3-1 (Groundball, 34, EV 78.1 MPH)
|
|
Batting: SHB Orlando Torres
|
0-0: Ball 1-0: Ground out 4-3 (Groundball, 4M, EV 82.5 MPH)
|
|
Batting: SHB Mike Williams
|
0-0: Foul Ball, location: 2F 0-1: Ball 1-1: Ball 2-1: Fly out, F2 (Popup, 2L, EV 97.5 MPH)
|
| Top of the 3rd over - 0 runs, 0 hits, 0 errors, 0 left on base; Biloxi 2 - Harrisburg 0 |
| BOTTOM OF THE 3RD |
|
Harrisburg Senators batting - Pitching for Biloxi Shuckers : RHP Jeff Swomley
|
|
Batting: RHB Victor Cintron
|
0-0: Called Strike 0-1: Ball 1-1: Swinging Strike 1-2: Foul Ball, location: 2F 1-2: Ground out 6-3 (Groundball, 6, EV 81.2 MPH)
|
|
Batting: RHB Pat Drader
|
0-0: Ball 1-0: Swinging Strike 1-1: Ground out 4-3 (Groundball, 4, EV 105.6 MPH)
|
|
Batting: RHB Antonio Laurel
|
0-0: Ball 1-0: SINGLE (Groundball, 6MD, EV 101.9 MPH)
|
|
Batting: LHB Pat Aviles
|
0-0: Fly out, F7 (Flyball, 7, EV 96.9 MPH)
|
| Bottom of the 3rd over - 0 runs, 1 hit, 0 errors, 1 left on base; Biloxi 2 - Harrisburg 0 |
| TOP OF THE 4TH |
|
Biloxi Shuckers batting - Pitching for Harrisburg Senators : RHP Ivano Galikov
|
|
Batting: RHB Josh Nelson
|
0-0: Ball 1-0: Ball 2-0: Foul Ball, location: 2F 2-1: Foul Ball, location: 2F 2-2: Foul Ball, location: 2F 2-2: Ground out 5-3 (Groundball, 56, EV 104.4 MPH)
|
|
Batting: RHB Bobby Heagle
|
0-0: Ball 1-0: Foul Ball, location: 2F 1-1: Foul Ball, location: 2F 1-2: Ground out 4-3 (Groundball, 4D, EV 105.6 MPH)
|
|
Batting: RHB Brian Landrum
|
0-0: Ball 1-0: Ball 2-0: Ball 3-0: Called Strike 3-1: Swinging Strike 3-2: Strikes out looking
|
| Top of the 4th over - 0 runs, 0 hits, 0 errors, 0 left on base; Biloxi 2 - Harrisburg 0 |
| BOTTOM OF THE 4TH |
|
Harrisburg Senators batting - Pitching for Biloxi Shuckers : RHP Jeff Swomley
|
|
Batting: RHB Kevin Wick
|
0-0: Called Strike 0-1: Called Strike 0-2: Reached on error, E5 (Groundball, 5S, EV 86.9 MPH)
|
|
Batting: LHB Evan Oliveri
|
0-0: Foul Ball, location: 2F 0-1: Ball 1-1: Ball 2-1: Swinging Strike 2-2: Foul Ball, location: 2F 2-2: Strikes out looking
|
|
Batting: RHB Steve Perez
|
0-0: Ball 1-0: Called Strike 1-1: Ball 2-1: Swinging Strike 2-2: Ball 3-2: Strikes out swinging
|
|
Batting: LHB John Holst
|
0-0: Ball 1-0: Ball 2-0: Ball 3-0: Base on Balls
|
|
Batting: RHB John McNeill
|
0-0: Called Strike 0-1: Fielders Choice at 2nd, 6-4 (Groundball, 56, EV 94.4 MPH)
|
| Bottom of the 4th over - 0 runs, 0 hits, 1 error, 2 left on base; Biloxi 2 - Harrisburg 0 |
| TOP OF THE 5TH |
|
Biloxi Shuckers batting - Pitching for Harrisburg Senators : RHP Ivano Galikov
|
|
Batting: RHB Cameron Rattenbury
|
0-0: Ball 1-0: Foul Ball, location: 2F 1-1: Ground out 3-1 (Groundball, 34, EV 91.2 MPH)
|
|
Batting: RHB Leo Serrano
|
0-0: Fly out, F4 (Popup, 4M, EV 52.5 MPH)
|
|
Batting: RHB Chris Fruit
|
0-0: Ball 1-0: Foul Ball, location: 2F 1-1: Foul Ball, location: 2F 1-2: Ball 2-2: Ball 3-2: Strikes out swinging
|
| Top of the 5th over - 0 runs, 0 hits, 0 errors, 0 left on base; Biloxi 2 - Harrisburg 0 |
| BOTTOM OF THE 5TH |
|
Harrisburg Senators batting - Pitching for Biloxi Shuckers : RHP Jeff Swomley
|
|
Batting: RHB Victor Cintron
|
0-0: Ball 1-0: Swinging Strike 1-1: Called Strike 1-2: Fly out, F9 (Flyball, 89M, EV 97.5 MPH)
|
|
Batting: RHB Pat Drader
|
0-0: Ball 1-0: Foul Ball, location: 2F 1-1: Ball 2-1: Ball 3-1: Ground out 6-3 (Groundball, 56, EV 106.9 MPH)
|
|
Batting: RHB Antonio Laurel
|
0-0: Foul Ball, location: 2F 0-1: SINGLE (Groundball, 6D, EV 98.8 MPH)
|
|
Batting: LHB Pat Aviles
|
0-0: Ball 1-0: Ball 2-0: Called Strike 2-1: Ground out 2-3 (Groundball, 15S, EV 77.5 MPH)
|
| Bottom of the 5th over - 0 runs, 1 hit, 0 errors, 1 left on base; Biloxi 2 - Harrisburg 0 |
| TOP OF THE 6TH |
|
Biloxi Shuckers batting - Pitching for Harrisburg Senators : RHP Ivano Galikov
|
|
Batting: LHB Rick Campbell
|
0-0: Called Strike 0-1: Foul Ball, location: 2F 0-2: Ground out 6-3 (Groundball, 6, EV 80.6 MPH)
|
|
Batting: SHB Orlando Torres
|
0-0: Ground out 6-3 (Groundball, 6, EV 87.5 MPH)
|
|
Batting: SHB Mike Williams
|
0-0: Ball 1-0: Ball 2-0: Ground out 5-3 (Groundball, 56S, EV 90.6 MPH)
|
| Top of the 6th over - 0 runs, 0 hits, 0 errors, 0 left on base; Biloxi 2 - Harrisburg 0 |
| BOTTOM OF THE 6TH |
|
Harrisburg Senators batting - Pitching for Biloxi Shuckers : RHP Jeff Swomley
|
|
Batting: RHB Kevin Wick
|
0-0: Called Strike 0-1: Foul Ball, location: 2F 0-2: Ball 1-2: Fly out, F7 (Line Drive, 78D, EV 90.6 MPH)
|
|
Batting: LHB Evan Oliveri
|
0-0: Ball 1-0: Ball 2-0: Ball 3-0: Called Strike 3-1: Called Strike 3-2: Foul Ball, location: 2F 3-2: Foul Ball, location: 2F 3-2: Base on Balls
|
|
Pitching: LHP Benito Vargas
|
|
|
Batting: RHB Steve Perez
|
0-0: Ball 1-0: Called Strike 1-1: 2-RUN HOME RUN (Flyball, 78XD, EV 96.9 MPH), Distance : 388 ft
|
|
Batting: LHB John Holst
|
0-0: Called Strike 0-1: Foul Ball, location: 2F 0-2: Foul Ball, location: 2F 0-2: Foul Ball, location: 2F 0-2: Strikes out swinging
|
|
Batting: RHB John McNeill
|
0-0: Called Strike 0-1: Ball 1-1: Ball 2-1: Ground out 5-3 (Groundball, 56S, EV 72.5 MPH)
|
| Bottom of the 6th over - 2 runs, 1 hit, 0 errors, 0 left on base; Biloxi 2 - Harrisburg 2 |
| TOP OF THE 7TH |
|
Biloxi Shuckers batting - Pitching for Harrisburg Senators : RHP Ivano Galikov
|
|
Batting: RHB Josh Nelson
|
0-0: Called Strike 0-1: Swinging Strike 0-2: Ball 1-2: SINGLE (Groundball, 56, EV 105.6 MPH) (infield hit)
|
|
Batting: RHB Bobby Heagle
|
0-0: Swinging Strike 0-1: SINGLE (Groundball, 5S, EV 66.2 MPH) (infield hit) Josh Nelson to second
|
|
Pinch Runner at 2nd Nick Cummings:
|
|
|
Batting: RHB Brian Landrum
|
0-0: Called Strike Nick Cummings steals 3rd base Bobby Heagle to second 0-1: Called Strike 0-2: Ball 1-2: SINGLE (Line Drive, 89M, EV 100.0 MPH) Nick Cummings scores Bobby Heagle to third
|
|
Batting: RHB Cameron Rattenbury
|
0-0: Called Strike 0-1: Foul Ball, location: 2F 0-2: Ball 1-2: Foul Ball, location: 2F 1-2: Strikes out swinging
|
|
Pitching: LHP Kyle Bachman
|
|
|
Batting: RHB Leo Serrano
|
0-0: Called Strike 0-1: Called Strike Brian Landrum is caught stealing 2nd base 2-4 0-2: Strikes out swinging
|
| Top of the 7th over - 1 run, 3 hits, 0 errors, 1 left on base; Biloxi 3 - Harrisburg 2 |
| BOTTOM OF THE 7TH |
|
Harrisburg Senators batting - Pitching for Biloxi Shuckers : LHP Benito Vargas
|
|
Pitching: RHP Chris Ishii
|
|
|
Now in LF: Hector Silva
|
|
|
Batting: RHB Victor Cintron
|
0-0: Ground out 6-3 (Groundball, 56, EV 108.8 MPH)
|
|
Batting: RHB Pat Drader
|
0-0: Called Strike 0-1: Foul Ball, location: 2F 0-2: Strikes out looking
|
|
Batting: RHB Antonio Laurel
|
0-0: Foul Ball, location: 2F 0-1: Foul Ball, location: 2F 0-2: Ball 1-2: Ball 2-2: Ball 3-2: Base on Balls
|
|
Pitching: LHP Matt Wojtkiewicz
|
|
|
Pinch Hitting: RHB Nate Dickinson
|
0-0: Swinging Strike 0-1: Foul Ball, location: 2F 0-2: Ball 1-2: Foul Ball, location: 2F 1-2: Fly out, F9 (Flyball, 9, EV 83.8 MPH)
|
| Bottom of the 7th over - 0 runs, 0 hits, 0 errors, 1 left on base; Biloxi 3 - Harrisburg 2 |
| TOP OF THE 8TH |
|
Biloxi Shuckers batting - Pitching for Harrisburg Senators : LHP Kyle Bachman
|
|
Now in LF: Nate Dickinson
|
|
|
Batting: RHB Chris Fruit
|
0-0: Called Strike 0-1: Ball 1-1: Called Strike 1-2: Ball 2-2: Foul Ball, location: 2F 2-2: Strikes out swinging
|
|
Batting: LHB Rick Campbell
|
0-0: Ground out U3 (Groundball, 3, EV 76.9 MPH)
|
|
Batting: SHB Orlando Torres
|
0-0: Fly out, F8 (Flyball, 78S, EV 88.8 MPH)
|
| Top of the 8th over - 0 runs, 0 hits, 0 errors, 0 left on base; Biloxi 3 - Harrisburg 2 |
| BOTTOM OF THE 8TH |
|
Harrisburg Senators batting - Pitching for Biloxi Shuckers : LHP Matt Wojtkiewicz
|
|
Batting: RHB Kevin Wick
|
0-0: Ground out 5-3 (Groundball, 56, EV 93.1 MPH)
|
|
Batting: LHB Evan Oliveri
|
0-0: Ball 1-0: Ground out U3 (Groundball, 3, EV 80.6 MPH)
|
|
Batting: RHB Steve Perez
|
0-0: Ball 1-0: Called Strike 1-1: Foul Ball, location: 2F 1-2: Ball 2-2: Ball 3-2: Strikes out swinging
|
| Bottom of the 8th over - 0 runs, 0 hits, 0 errors, 0 left on base; Biloxi 3 - Harrisburg 2 |
| TOP OF THE 9TH |
|
Biloxi Shuckers batting - Pitching for Harrisburg Senators : LHP Kyle Bachman
|
|
Batting: SHB Mike Williams
|
0-0: Called Strike 0-1: Ball 1-1: TRIPLE (Line Drive, 78XD, EV 111.2 MPH)
|
|
Batting: RHB Hector Silva
|
0-0: Ball 1-0: Fly out, F8 (Flyball, 8LD, EV 90.6 MPH) Runner from 3rd tags up, OUT at HOME! 8-2
|
|
Batting: RHB Bobby Heagle
|
0-0: Ball 1-0: Foul Ball, location: 2F 1-1: Foul Ball, location: 2F 1-2: Ball 2-2: Ground out 4-3 (Groundball, 4M, EV 90.6 MPH)
|
| Top of the 9th over - 0 runs, 1 hit, 0 errors, 0 left on base; Biloxi 3 - Harrisburg 2 |
| BOTTOM OF THE 9TH |
|
Harrisburg Senators batting - Pitching for Biloxi Shuckers : LHP Matt Wojtkiewicz
|
|
Pitching: RHP Ernie Schmutz
|
|
|
Batting: LHB John Holst
|
0-0: Called Strike 0-1: Called Strike 0-2: Ball 1-2: Ball 2-2: Strikes out swinging
|
|
Batting: RHB John McNeill
|
0-0: Ball 1-0: DOUBLE (Line Drive, 8LD, EV 110.0 MPH)
|
|
Pinch Hitting: RHB Kevin Whitenack
|
0-0: Swinging Strike 0-1: Swinging Strike 0-2: Ball 1-2: Strikes out looking
|
|
Batting: RHB Pat Drader
|
0-0: Ground out 6-3 (Groundball, 6, EV 90.6 MPH)
|
| Bottom of the 9th over - 0 runs, 1 hit, 0 errors, 1 left on base; Biloxi 3 - Harrisburg 2 |
|